 Dungeon Crawl Stone Soup version 0.25-a0-265-g7af84ae0ac (webtiles) character file.

Game seed: 6814118458640672980, levelgen mode: deterministic

1564 Redear the Shield-Bearer (level 8, -3/46 HPs)
             Began as an Octopode Fighter on Dec 8, 2019.
             Was a Plaything of Xom.
             Slain by a gnoll
             ... wielding a +0 spear
              (5 damage)
             ... on level 6 of the Dungeon.
             The game lasted 00:11:53 (7355 turns).

Redear the Shield-Bearer (Octopode Fighter)         Turns: 7355, Time: 00:11:54

Health: -3/46      AC:  1    Str: 21    XL:     8   Next: 89%
Magic:  8/8        EV: 15    Int:  8    God:    Xom [....*.]
Gold:   167        SH: 13    Dex: 13    Spells: 7/7 levels left

rFire    . . .     SeeInvis +   q - +3 dagger (venom)
rCold    + . .     Gourm    .   b - +0 shield
rNeg     . . .     Faith    .   (helmet restricted)
rPois    .         Spirit   .   A - +3 amulet of reflection
rElec    .         Reflect  +   g - ring of resist corrosion
rCorr    +         Harm     .   c - ring of protection from cold {rC+}
MR       .....                  s - ring of see invisible {SInv}
Stlth    ++++......             (no ring)
HPRegen  0.15/turn              (no ring)
MPRegen  0.11/turn              (no ring)
                                (no ring)
                                (no ring)

@: mighty, lethally poisoned (-3 -> -10), vulnerable
A: almost no armour, stealthy swim, amphibious, 8 rings, constrict 8, camouflage
1, dopey 1, frail 2, gelatinous body 1
a: Renounce Religion


You were on level 6 of the Dungeon.
You worshipped Xom.
You were a beloved toy of Xom.
You were near starving.

You visited 2 branches of the dungeon, and saw 7 of its levels.

You collected 424 gold pieces.
You spent 257 gold pieces at shops.

Inventory:

Hand Weapons
 a - a +0 long sword
 i - a +1 vampiric rapier {!w}
 p - a +1 short sword of electrocution
 q - a +3 dagger of venom (weapon)
Missiles
 Z - a throwing net (quivered) {+f}
Armour
 b - a +0 shield (worn)
 x - a +2 large shield
Jewellery
 c - a ring of protection from cold (right tentacle) {rC+}
 g - a ring of resist corrosion (left tentacle)
 s - a ring of see invisible (on tentacle) {SInv}
 A - a +3 amulet of reflection (around mantle)
Wands
 t - a wand of random effects (20)
 V - a wand of flame (12)
Scrolls
 f - 3 scrolls of teleportation {unknown}
 h - 14 scrolls of identify {unknown}
 j - 2 scrolls of fog {unknown}
 m - 2 scrolls of fear {unknown}
 n - 2 scrolls of noise {unknown}
 u - a scroll of random uselessness {unknown}
 v - a scroll of brand weapon {unknown}
 y - a scroll of enchant weapon {unknown}
 B - 2 scrolls of vulnerability
 C - 2 scrolls of amnesia {unknown}
 E - a scroll of silence {unknown}
 F - a scroll of blinking {unknown}
 M - 2 scrolls of magic mapping
 N - 3 scrolls of remove curse
Potions
 k - a potion of heal wounds {unknown}
 l - a potion of mutation {unknown}
 o - 2 potions of might {Str+5 DMG+1d10 | @q3}
 r - a potion of lignification {unknown}
 w - a potion of invisibility {unknown}
 D - a potion of flight {unknown}
 G - a potion of resistance {unknown}
 Q - 2 potions of curing
Comestibles
 z - 12 rations


   Skills:
 + Level 6.4 Fighting
 - Level 2.0 Long Blades
 + Level 6.4 Dodging
 - Level 6.0 Stealth
 + Level 6.4 Shields


You had 7 spell levels left.
You didn't know any spells.
Your spell library was empty.

Dungeon Overview and Level Annotations

Branches:
Dungeon (6/15)             Temple (1/1) D:4

Altars:
Ashenzari
Dithmenos
Elyvilon
Fedhas
Kikubaaqudgha
Makhleb
Okawaru
Ru
Xom
Yredelemnul
Zin
The Shining One

Shops:
D:4 (   D:5 *

Annotations:
D:5 2 transporters, iamserjio's ghost, novice OpAr
D:6 1 transporter, Gumption's ghost, novice GrFi


Innate Abilities, Weirdness & Mutations

You cannot wear most types of armour.
You are very stealthy in the water. (Stealth+)
You are amphibious.
You can wear up to eight rings at the same time.
You can use your tentacles to constrict eight enemies at once.
Your skin changes colour to match your surroundings (Stealth+).
Your rubbery body absorbs attacks. (AC +1, EV +1)
You are dopey. (Int -2)
You are very frail. (-20% HP)


Message History

Magic quickly surges around you.
It was a scroll of vulnerability.
You block the gnoll sergeant's attack.
The gnoll sergeant hits you from afar with a cursed -1 spear.
The gnoll barely misses you.
The gnoll hits you from afar with a +0 spear.
* * * LOW HITPOINT WARNING * * *
The gnoll barely misses you. The gnoll misses you.
You take 9 damage, and have 11/46 hp.
As you read the scroll labeled MASOSO QETUT, it crumbles to dust.
You feel aware of your surroundings.
It was a scroll of magic mapping.
M - 2 scrolls of magic mapping Gumption's ghost makes a sound of rattling chains.
You block the gnoll sergeant's attack. The gnoll completely misses you.
The gnoll sergeant hits you with a +4 trident of venom!
* * * LOW HITPOINT WARNING * * *
You are lethally poisoned!
The gnoll closely misses you. You block the gnoll's attack.
The gnoll hits you with a +0 spear.
You die...
Xom chortles!

###.............................#
#..≈≈≈≈≈≈≈≈≈≈≈≈≈≈≈≈≈≈≈≈≈≈≈≈≈..#
###..≈≈≈≈≈≈≈≈≈≈≈≈≈≈≈≈≈≈≈≈≈≈≈≈≈..#
.##..≈≈#####...........#####≈≈...
.##..≈≈#gg.#.###.©.###.#..g#≈≈...
.##..≈≈#gg.###.#####©###...#≈≈..#
.##..≈≈###.g...g.ggg.....###≈≈...
.##..≈≈.8#.######g######.#8.≈≈...
.##..≈≈.##g#.⌠.#@g8#...#g##.≈≈...
.##..≈≈.#..'..gg.©⌠#:..',.#.≈≈...
.....≈≈.##.#.⌠.#..8#...#.##.≈≈...
.##..≈≈.8#.######'######.#8.≈≈...
.....≈≈###..,............###≈≈...
.##..≈≈#...###.#####.###...#≈≈.#.
.##..≈≈#...#.###.©.###.#...#≈≈...
.....≈≈#####...........#####≈≈...
.....≈≈≈≈≈≈≈≈≈≈≈...≈≈≈≈≈≈≈≈≈≈≈.##


You could see 2 gnoll sergeants and 5 gnolls.

Vanquished Creatures
  A spiny frog (shapeshifter) (D:6)
  Sigmund (D:3)
  A phantom (D:6)
  An ogre (D:4)
  A centaur (D:5)
  3 crimson imps
  3 orc priests
  4 hounds
  Crazy Yiuf (D:3)
  A centaur skeleton (D:5)
  2 orc wizards
  An iguana (D:5)
  Terence (D:3)
  4 worker ants
  A hound skeleton (D:4)
  Robin (D:2)
  9 adders
  5 dart slugs
  4 worms
  9 leopard geckos
  19 orcs
  A ball python (D:3)
  7 giant cockroaches
  12 goblins
  18 hobgoblins
  4 jackals (D:4)
  2 quokkas
  7 bats
  16 frilled lizards
  A jackal skeleton (D:4)
  8 kobolds
  A quokka skeleton (D:4)
  A quokka zombie (D:5)
  8 rats
159 creatures vanquished.

Vanquished Creatures (others)
  6 plants (D:6)
6 creatures vanquished.

Grand Total: 165 creatures vanquished

Notes
Turn   | Place    | Note
-------+----------+-------------------------------------------
     0 | D:1      | Redear the Octopode Fighter began the quest for the Orb.
     0 | D:1      | Reached XP level 1. HP: 16/16 MP: 1/1
   111 | D:1      | Reached XP level 2. HP: 16/21 MP: 2/2
   112 | D:1      | Reached skill level 1 in Stealth
   297 | D:1      | Reached XP level 3. HP: 19/26 MP: 3/3
   522 | D:1      | Reached skill level 2 in Stealth
   938 | D:2      | Reached XP level 4. HP: 31/31 MP: 4/4
   994 | D:2      | Noticed Robin
  1022 | D:2      | Killed Robin
  1036 | D:2      | HP: 3/32 [poisoned by Robin]
  1044 | D:2      | HP: 2/32 [poisoned by Robin]
  1589 | D:2      | Reached skill level 3 in Stealth
  1589 | D:2      | Reached XP level 5. HP: 37/37 MP: 5/5
  1623 | D:2      | Found a white marble altar of Elyvilon.
  1685 | D:2      | Found a glowing golden altar of the Shining One.
  1771 | D:2      | Reached skill level 4 in Fighting
  1823 | D:2      | Reached skill level 4 in Dodging
  2125 | D:3      | Reached skill level 4 in Shields
  2418 | D:3      | Noticed Sigmund
  2449 | D:3      | Killed Sigmund
  2449 | D:3      | Reached skill level 4 in Stealth
  2449 | D:3      | Reached XP level 6. HP: 32/44 MP: 6/6
  2579 | D:3      | Noticed Terence
  2584 | D:3      | Killed Terence
  2898 | D:3      | Found a runed translucent door.
  2899 | D:3      | Noticed Crazy Yiuf
  3214 | D:3      | Killed Crazy Yiuf
  3295 | D:4      | Found a staircase to the Ecumenical Temple.
  3298 | D:4      | Reached XP level 7. HP: 49/49 MP: 7/7
  3309 | Temple   | Entered the Ecumenical Temple
  3316 | Temple   | Became a worshipper of Xom of Malicious Giggling
  3515 | D:4      | Found Vigh's Weapon Shoppe.
  3604 | D:4      | Reached skill level 5 in Stealth
  3810 | D:4      | XOM: harmless Ice miscast
  3852 | D:4      | XOM is BORED!
  3852 | D:4      | XOM: harmless Conj miscast
  3856 | D:4      | Reached skill level 5 in Shields
  3858 | D:4      | Reached skill level 5 in Fighting
  3858 | D:4      | Reached skill level 5 in Dodging
  4119 | D:4      | XOM: divination: magic mapping
  4486 | D:4      | XOM: harmless Ice miscast
  4632 | D:5      | Entered Level 5 of the Dungeon
  4715 | D:5      | You fall into a shaft and drop 1 floor!
  4715 | D:6      | Found a transporter.
  4744 | D:6      | Noticed a shapeshifter
  4744 | D:6      | a bullfrog changed into a shapeshifter
  4744 | D:6      | XOM: polymorph bullfrog -> shapeshifter
  4744 | D:6      | Noticed a troll
  4744 | D:6      | a shapeshifter changed into a troll
  4748 | D:6      | XOM: scenery: create altars
  4757 | D:6      | a troll changed into an eye of draining
  4770 | D:5      | Found Keaduf's Assorted Antiques.
  4789 | D:5      | Bought a scroll labeled MASOSO QETUT for 26 gold pieces
  4789 | D:5      | Bought a white potion for 23 gold pieces
  4789 | D:5      | Bought a cabochon ring for 130 gold pieces
  4789 | D:5      | Bought a scroll labeled YJUCRI KOWARRU for 26 gold pieces
  4789 | D:5      | Bought a scroll labeled HIMOTH IL JOID for 26 gold pieces
  4789 | D:5      | Bought a scroll labeled LUAHY JIJOPE for 26 gold pieces
  4852 | D:5      | XOM: harmless Conj miscast
  5069 | D:5      | Noticed a glowing shapeshifter
  5069 | D:5      | a scorpion changed into a glowing shapeshifter
  5069 | D:5      | XOM: polymorph scorpion -> glowing shapeshifter
  5069 | D:5      | Noticed a manticore
  5069 | D:5      | a glowing shapeshifter changed into a manticore
  5072 | D:5      | Reached skill level 6 in Stealth
  5072 | D:5      | Noticed an elephant
  5077 | D:5      | Noticed a glowing shapeshifter
  5077 | D:5      | an elephant changed into a glowing shapeshifter
  5078 | D:5      | Noticed a shining eye
  5078 | D:5      | a glowing shapeshifter changed into a shining eye
  5079 | D:5      | Noticed a snapping turtle
  5079 | D:5      | a shining eye changed into a snapping turtle
  5154 | D:5      | XOM: god gift: 45 gold pieces
  5289 | D:5      | Reached XP level 8. HP: 55/55 MP: 8/8
  5365 | D:5      | XOM: 1-stop teleportation journey
  5914 | D:5      | Found a transporter.
  5915 | D:5      | Noticed iamserjio's ghost (novice OpAr)
  5916 | D:5      | Found a transporter.
  6072 | D:5      | XOM is BORED!
  6327 | D:6      | XOM: confusion (+ monsters)
  6335 | D:6      | XOM: stat loss: -1 Int (9/10)
  6350 | D:6      | XOM: give mutations
  6350 | D:6      | Gained mutation: You are frail. (-10% HP) [Xom's mischief]
  6350 | D:6      | Gained mutation: You are very frail. (-20% HP) [Xom's
                  | mischief]
  6350 | D:6      | Gained mutation: You are dopey. (Int -2) [Xom's mischief]
  6455 | D:6      | Noticed a spiny frog
  6458 | D:6      | XOM: blink monster(s)
  6462 | D:6      | Killed a spiny frog
  6462 | D:6      | Reached skill level 6 in Fighting
  6462 | D:6      | Reached skill level 6 in Dodging
  6462 | D:6      | Reached skill level 6 in Shields
  6526 | D:6      | XOM: silly message
  6548 | D:6      | Found an iron altar of Okawaru.
  6565 | D:6      | XOM: divination: magic mapping
  6948 | D:6      | Found a transporter.
  6952 | D:6      | Noticed Gumption's ghost (novice GrFi)
  6956 | D:6      | Identified the amulet of Foot {Faith +Inv rElec Int+5}
  7352 | D:6      | XOM: divination: detect items
  7355 | D:6      | HP: 2/46 [gnoll sergeant/+4 trident of venom (9)]
  7355 | D:6      | Slain by a gnoll

Levels and vault maps discovered:
D:1:      minmay_arrival_arboretum_small, layout_basic, kennysheep_crisscross,
          minmay_misc_feat_hallway, st_stairs_3, chequers_serial_rivers_room_b,
          minmay_3d_cube
D:2:      layout_loops_ring, lemuel_coloured_pillars_altar,
          nicolae_tso_carved_into_rock, minmay_misc_feat_secret_circle,
          minmay_lizard_king, uniq_robin
D:3:      layout_basic, first_ration, uniq_sigmund, uniq_terence,
          uniq_crazy_yiuf_cottage
D:4:      layout_loops_corners, minmay_temple_entry_statues_fountains,
          gup_sewer_entry_bubbles, serial_shops, nicolae_shop_crystal
D:5:      layout_layer_cave, serial_shops, nicolae_shop_waterfront,
          gammafunk_ghost_smash
D:6:      layout_basic, lemuel_doored_altar, gammafunk_ghost_gnarly_gnolls
Temple:   cyrus_circular_temple

Skill      XL: |  1  2  3  4  5  6  7  8 |
---------------+-------------------------+-----
Stealth        | 1 2 3 4 6 |  6.0
Fighting       | 4 5 6 |  6.4
Dodging        | 4 5 6 |  6.4
Shields        | 4 5 6 |  6.4
Long Blades    | |  2.0

Action                   |  1- 3 |  4- 6 |  7- 9 || total
-------------------------+-------+-------+-------++-------
Melee: Long sword        |    46 |       |       ||    46
       Constrict         |    19 |    26 |    37 ||    82
       Tentacles         |    12 |    18 |    43 ||    73
       Short sword       |       |    76 |       ||    76
       Dagger            |       |    32 |   152 ||   184
Evoke: Wand              |       |       |     6 ||     6
  Use: Potion            |       |     1 |     2 ||     3
       Scroll            |       |       |     3 ||     3
 Stab: Sleeping          |     8 |    14 |    12 ||    34
       Distracted        |       |       |     2 ||     2
  Eat: Chunk             |       |     5 |     3 ||     8
       Ration            |       |     1 |     2 ||     3
Armor: Skin              |     2 |     5 |     3 ||    10
Dodge: Dodged            |    19 |    48 |    65 ||   132
Block: Shield            |    23 |    39 |    86 ||   148
       Reflection        |       |       |     1 ||     1
       Rpst.: Long sword |     9 |       |       ||     9

Table legend:
 A = Non-vault XP
 B = Vault XP
 C = Vault XP percentage of total XP
 D = Non-vault monster count
 E = Vault monster count
 F = Vault count percentage of total count
                 A         B        C        D         E       F
            +---------+---------+-------+---------+---------+-------
      Total |    1832 |     403 |  18.0 |     121 |      38 |  23.9
            +---------+---------+-------+---------+---------+-------
        D:1 |      46 |      13 |  22.0 |      24 |       8 |  25.0
        D:2 |     143 |      50 |  25.9 |      27 |      22 |  44.9
        D:3 |      40 |     318 |  88.8 |      16 |       3 |  15.8
        D:4 |     393 |      22 |   5.3 |      27 |       5 |  15.6
        D:5 |     525 |       0 |   0.0 |      21 |       0 |   0.0
        D:6 |     685 |       0 |   0.0 |       6 |       0 |   0.0
            +---------+---------+-------+---------+---------+-------
